 Dungeon Crawl Stone Soup version 0.31-a0-354-g827e0957a7 (webtiles) character file.

Game seed: 12758801369014279891

149 LeprechaunX the Ruffian (level 5, -4/34 HPs)
             Began as an Octopode Shapeshifter on July 24, 2023.
             Killed from afar by Dowan (20 damage)
             ... with a shard of ice
             ... on level 4 of the Dungeon.
             The game lasted 00:02:20 (2933 turns).

LeprechaunX the Ruffian (Octopode Shapeshifter)     Turns: 2933, Time: 00:02:21

Health: -4/34      AC:  1    Str: 17    XL:     5   Next: 31%
Magic:  5/5        EV: 13    Int: 10    God:
Gold:   140        SH:  0    Dex: 12    Spells: 4/4 levels left

rFire   . . .        n - +4 quarterstaff (chaos)
rCold   . . .        (shield currently unavailable)
rNeg    . . .        (helmet currently unavailable)
rPois   .            (no amulet)
rElec   .            (no ring)
rCorr   .            (no ring)
SInv    .            (no ring)
Will    .....        (no ring)
Stlth   +++          (no ring)
HPRegen 0.25/turn    (no ring)
MPRegen 0.09/turn    (no ring)
                     (no ring)

%: no passive effects
@: beast-form
A: beast (slay +2), almost no armour, amphibious, 8 rings, camouflage 1,
gelatinous body 1, nimble swimmer 1, tentacles
a: Begin Untransformation


You were on level 4 of the Dungeon.
You were a hulking beast.
You visited 1 branch of the dungeon, and saw 4 of its levels.

You collected 140 gold pieces.

Inventory:

Hand Weapons
 n - a +4 quarterstaff of chaos (weapon)
Armour
 k - a +0 kite shield
Talismans
 b - a beast talisman
Wands
 o - a wand of flame (11)
Scrolls
 f - a scroll of teleportation {unknown}
 g - a scroll of enchant weapon {unknown}
 i - a scroll of noise {unknown}
 j - a scroll of acquirement {unknown}
 l - a scroll of identify {unknown}
 m - a scroll of brand weapon {unknown}
Potions
 a - a potion of lignification
 c - 2 potions of curing {unknown}
 d - 2 potions of brilliance {unknown}
 e - 2 potions of heal wounds {unknown}
 h - a potion of haste {unknown}


   Skills:
 + Level 2.2 Fighting
 + Level 3.0 Dodging
 * Level 4.3 Unarmed Combat
 + Level 3.4 Shapeshifting


You had 4 spell levels left.
You didn't know any spells.
Your spell library contained the following spells:

 Spells                   Type           Power      Damage    Failure   Level
 Kiss of Death            Conj/Necr      0%         2d5       36%         1
 Confusing Touch          Hex            0%         N/A       75%         3
 Dispel Undead            Necr           0%         3d6       98%         4


Dungeon Overview and Level Annotations

Branches:
Dungeon (4/15)
 Temple: D:4-7

Altars:
Elyvilon

Annotations:
D:4 Dowan


Innate Abilities, Weirdness & Mutations

You are a hulking beast.
Your limbs bulge with bestial killing power. (Slay +2)
You cannot wear most types of armour.
You are amphibious.
You can wear up to eight rings at the same time.
Your skin changes colour to match your surroundings (Stealth+).
Your rubbery body absorbs attacks. (AC +1, EV +1)
You are camouflaged when in or above water. (Stealth+)
You have tentacles for arms and can constrict up to eight enemies at once.


Message History

You constrict the hound. The hound completely misses you.
The hound barely misses you.
You hit the hound.
You kill the hound!
Your Dodging skill increases to level 3!
No target in view!
No target in view!
HP restored.
You enter the shallow water.
Dowan, Brother of Duvessa comes into view.
He is wielding a +0 dagger.
Dowan is nearby!
Dowan is nearby!
Dowan is nearby!
Dowan is nearby!
Dowan shouts!
You hear a shout!
Dowan gestures at you while chanting. You resist with some effort.
Duvessa, Sister of Dowan comes into view.
She is wielding a +0 short sword.
Duvessa shouts!
You enter the deep water.
You enter the deep water.
You hit Duvessa. You burn Duvessa. Your grab misses Duvessa.
Duvessa is lightly wounded.
Duvessa hits you with a +0 short sword.
You sock Duvessa!
Duvessa is poisoned.
Your grab misses Duvessa.
Duvessa is heavily wounded.
Duvessa hits you with a +0 short sword! Duvessa hits you with a +0 short sword.
You hit Duvessa.
Duvessa looks as sick as possible!
You grab Duvessa.
You tentacle-slap Duvessa, but do no damage.
Duvessa is severely wounded.
You constrict Duvessa, but do no damage.
Duvessa hits you with a +0 short sword.
You hit Duvessa. Lightning courses through Duvessa!
You kill Duvessa!
Dowan screams, "No!
No!"
Dowan seems to find hidden reserves of power!
Dowan points at you and mumbles some strange words.
The shard of ice hits you!!
Ouch! That really hurt!
You die...

#######..###...##...#..
#.............≈.....#..
#............≈≈........
#.............≈##....##
#.......≈≈≈....##...##
#.....≈≈≈............#
#....≈≈..............#
#..e≈....≈~##.##....#
####)h≈~..≈~..##...##
####≈...≈≈.#######
#≈............#
#.............#
##########....# #...##
#...# #...# #####


You could see Dowan (fast).

Vanquished Creatures
  Duvessa (D:4)
  A hound (D:4)
  Crazy Yiuf (D:3)
  4 adders
  3 orcs (D:3)
  2 bats
  5 endoplasms
  2 giant cockroaches
  6 goblins
  5 hobgoblins
  4 jackals (D:3)
  2 kobolds (D:1)
  2 quokkas
  4 ball pythons
  5 frilled lizards
  4 rats
51 creatures vanquished.

Notes
Turn   | Place    | Note
-------+----------+-------------------------------------------
     0 | D:1      | LeprechaunX the Octopode Shapeshifter began the quest for
                  | the Orb.
     0 | D:1      | Reached XP level 1. HP: 13/13 MP: 1/1
   312 | D:1      | Reached XP level 2. HP: 17/18 MP: 2/2
   954 | D:2      | Reached XP level 3. HP: 17/23 MP: 3/3
  1234 | D:2      | Found a white marble altar of Elyvilon.
  1952 | D:2      | Found a faded altar of an unknown god.
  2200 | D:3      | Found a runed translucent door.
  2201 | D:3      | Noticed Crazy Yiuf
  2255 | D:3      | Reached XP level 4. HP: 26/29 MP: 4/4
  2516 | D:3      | Reached skill level 4 in Unarmed Combat
  2735 | D:3      | Killed Crazy Yiuf
  2736 | D:3      | Reached XP level 5. HP: 17/34 MP: 5/5
  2921 | D:4      | Noticed Dowan
  2924 | D:4      | Noticed Duvessa
  2933 | D:4      | Killed Duvessa
  2933 | D:4      | Killed from afar by Dowan

Illustrated notes

Levels and vault maps discovered:
D:1:      amcnicky_arrival_double_pillar, layout_basic,
          chequers_serial_rivers_large_b, chequers_mini_garden
D:2:      layout_basic, basic_altar, shapermc_ecumenical_altar_hornbeckon,
          minmay_misc_feat_four_crosses
D:3:      layout_basic, uniq_crazy_yiuf_cottage
D:4:      layout_gridville, minmay_misc_feat_square,
          chequers_serial_rivers_small_b, minmay_divided_ellipse, uniq_duvessa

Skill      XL: |  1  2  3  4  5 |
---------------+----------------+-----
Unarmed Combat | 4 |  4.3
Fighting       | 2 |  2.2
Dodging        | 3 |  3.0
Shapeshifting  | |  3.4

Action                     |  1- 3 |  4- 6 || total
---------------------------+-------+-------++-------
  Melee: Unarmed           |    58 |    28 ||    86
         Constrict         |    20 |     9 ||    29
         Tentacles         |    12 |     4 ||    16
         Punch             |     1 |     1 ||     2
         Quarterstaff      |       |     8 ||     8
   Stab: Sleeping          |     6 |     1 ||     7
         Distracted        |     1 |       ||     1
 Armour: Skin              |     2 |     1 ||     3
  Dodge: Dodged            |    27 |    18 ||    45

Table legend: (Time is in decaauts)
 A = Elapsed time spent in this place.
 B = Non-inter-level travel time spent in this place.
 C = Inter-level travel time spent in this place.
 D = Time resting spent in this place.
 E = Time spent auto-exploring this place.
 F = Levels seen in this place.
 G = Mean time per level.
                   A        B        C        D        E       F      G
               +--------+--------+--------+--------+--------+-----+--------+
         Total |   2928 |   2794 |    134 |     90 |   2397 |   4 |  732.0 |
       Dungeon |   2928 |   2794 |    134 |     90 |   2397 |   4 |  732.0 |
               +--------+--------+--------+--------+--------+-----+--------+

Top non-repeatable levels by time:
     D:2: 1188 daAuts
     D:1: 889 daAuts
     D:3: 768 daAuts
     D:4: 81 daAuts
